 Dungeon Crawl Stone Soup version 0.31-a0-75-g6fe912e8c5 (webtiles) character file.

Game seed: 12105102754391938854

674 senseless the Covered (level 7, -2/63 HPs)
             Began as a Minotaur Fighter on May 23, 2023.
             Was a Follower of Okawaru.
             Slain by an ogre
             ... wielding a +0 giant club
              (14 damage)
             ... on level 5 of the Dungeon.
             The game lasted 00:09:08 (3451 turns).

senseless the Covered (Minotaur Fighter)            Turns: 3451, Time: 00:09:08

Health: -2/63      AC:  8    Str: 23    XL:     7   Next: 33%
Magic:  6/6        EV:  9    Int:  5    God:    Okawaru [*.....]
Gold:   112        SH:  6    Dex:  9    Spells: 6/6 levels left

rFire   . . .        a - +1 war axe
rCold   . . .        c - +1 buckler
rNeg    . . .        b - +0 scale mail
rPois   .            (helmet restricted)
rElec   .            (no cloak)
rCorr   .            n - +0 pair of gloves
SInv    .            (no boots)
Will    .....        i - amulet of regeneration Stlth
                     (no ring)
HPRegen 1.10/turn    (no ring)
MPRegen 0.10/turn

%: no passive effects
@: no status effects
A: horns 2, retaliatory headbutt
a: Renounce Religion, Heroism


You were on level 5 of the Dungeon.
You worshipped Okawaru.
Okawaru was aware of your devotion.
You visited 1 branch of the dungeon, and saw 5 of its levels.
You also visited: Sewer.

You collected 112 gold pieces.

Inventory:

Hand Weapons
 a - a +1 war axe (weapon)
Missiles
 t - 26 poisoned darts (quivered)
Armour
 b - a +0 scale mail (worn)
 c - a +1 buckler (worn)
 n - a +0 pair of gloves (worn)
Jewellery
 i - an amulet of regeneration (around neck)
Wands
 l - a wand of flame (10)
Scrolls
 g - a scroll of immolation
 k - 2 scrolls of silence
Potions
 d - a potion of might
 e - 2 potions of enlightenment
 f - a potion of berserk rage {unknown}
 h - a potion of attraction {unknown}
 j - a potion of resistance {unknown}
 o - 2 potions of heal wounds {unknown}
 p - 2 potions of brilliance {unknown}
 q - a potion of curing
 r - a potion of lignification {unknown}
 s - a potion of haste {unknown}


   Skills:
 + Level 6.0 Fighting
 + Level 5.3 Axes
 + Level 6.0 Armour
 + Level 6.0 Shields


You had 6 spell levels left.
You didn't know any spells.
Your spell library was empty.

Dungeon Overview and Level Annotations

Branches:
Dungeon (5/15)             Temple (0/1) D:4           Sewer (visited)

Altars:
Ashenzari
Elyvilon
Okawaru
Vehumet

Shops:
D:1 :


Innate Abilities, Weirdness & Mutations

You have a pair of horns on your head.
You reflexively headbutt those who attack you in melee.


Message History

e - 2 potions of enlightenment (gained 1)
m - a scroll labelled HOR ISOAFU
As you read the scroll labelled HOR ISOAFU, it crumbles to dust.
You feel aware of your surroundings.
You sensed 4 altars, and 1 shop/portal.
It was a scroll of magic mapping.
There is a stone staircase leading up here.
Found a sling.
q - 2 potions of curing (gained 1)
You open the door.
There is an open door here.
An ogre comes into view. It is wielding a +0 giant club.
Found a stone staircase leading down.
The ogre shouts!
Found 12 gold pieces.
The ogre closely misses you.
You hit the ogre. You headbutt the ogre.
The ogre is moderately wounded.
The ogre hits you with a +0 giant club!!
You slash the ogre!
The ogre is heavily wounded.
You barely miss the ogre.
The ogre is heavily wounded.
The ogre hits you with a +0 giant club!!
You are too injured to fight recklessly!
You are too injured to fight recklessly!
You barely miss the ogre.
The ogre is heavily wounded.
The ogre hits you with a +0 giant club!!
* * * LOW HITPOINT WARNING * * *
Vehumet rains destruction down upon you!
The ball explodes into a vile cloud!
The stinking cloud engulfs you but does no damage.
The stinking cloud engulfs the ogre but does no damage.
You are engulfed in noxious fumes.
You choke on the stench!
You are confused.
You hear a shout! x4
You feel better.
You are engulfed in noxious fumes.
The ogre is engulfed in noxious fumes.
The ogre appears confused.
The ogre hits you with a +0 giant club!
You die...

,,,,,,,,,,,,,,,*,.......<..+,,,,*
**,,,,,**,,,,**#..##..##...#,,,**
*********,,,,*##..##.$##...#,,,**
,* *,,,,,,#........#...#,,,,* ,*
#..>.,,#........#..!#,,,,* ,*
#......#........#...#,,,,* **
#......#........#...#,,,** *
*#....##.○○....##..##,,,**
##....##.@O°...##,,*******
#........☼○○....#,,,,,,,<,
#...............#,,,,,,,,,
#..............##,,**,,,**
#..............#*****,,,**
##....##.......#,,,,,,,,,+
####'###########*****,,,,*
#.......# ******* *,,,,*
#.......# **,,,,,** *,,,,*


You could see an ogre (confused).

Vanquished Creatures
  5 kobold brigands (Sewer)
  2 orc priests (D:4)
  Ijyb (D:5)
  An orc wizard (D:3)
  7 adders
  3 river rats
  3 worms
  A dart slug (D:4)
  8 orcs
  13 bats
  18 endoplasms
  4 giant cockroaches
  7 goblins
  7 hobgoblins
  2 jackals (D:3)
  2 quokkas (D:1)
  8 ball pythons
  2 frilled lizards
  14 kobolds
  6 rats
114 creatures vanquished.

Notes
Turn   | Place    | Note
-------+----------+-------------------------------------------
     0 | D:1      | senseless the Minotaur Fighter began the quest for the Orb.
     0 | D:1      | Reached XP level 1. HP: 19/19 MP: 0/0
    54 | D:1      | Reached XP level 2. HP: 27/27 MP: 1/1
   160 | D:1      | Found Maosis's Book Emporium.
   296 | D:1      | Reached XP level 3. HP: 26/33 MP: 2/2
   358 | D:1      | Found a faded altar of an unknown god.
   385 | D:1      | Prayed at the altar of an unknown god.
   385 | D:1      | Became a worshipper of Vehumet
   385 | D:1      | Reached * piety under Vehumet
   385 | D:1      | Offered knowledge of Sandblast by Vehumet.
   541 | D:1      | Fell from the grace of Vehumet
   909 | D:2      | Reached XP level 4. HP: 33/41 MP: 3/3
  1509 | D:3      | Found an iron altar of Okawaru.
  1510 | D:3      | Found a broken altar of Ashenzari.
  1519 | D:3      | Became a worshipper of Warmaster Okawaru
  1563 | D:3      | Reached XP level 5. HP: 47/47 MP: 4/4
  1862 | D:3      | Found a white marble altar of Elyvilon.
  2378 | D:4      | Found a glowing drain.
  2382 | Sewer    | Entered a sewer
  2435 | Sewer    | Reached skill level 5 in Fighting
  2435 | Sewer    | Reached skill level 5 in Armour
  2435 | Sewer    | Reached skill level 5 in Shields
  2474 | Sewer    | Reached XP level 6. HP: 55/56 MP: 5/5
  2578 | Sewer    | Reached * piety under Okawaru
  2941 | Sewer    | Reached skill level 5 in Axes
  2941 | Sewer    | Reached XP level 7. HP: 50/62 MP: 6/6
  3207 | D:4      | Found a staircase to the Ecumenical Temple.
  3363 | D:5      | Entered Level 5 of the Dungeon
  3374 | D:5      | Noticed Ijyb
  3390 | D:5      | Killed Ijyb
  3449 | D:5      | HP: 2/63 [ogre/+0 giant club (22)]
  3451 | D:5      | Slain by an ogre

Illustrated notes

Levels and vault maps discovered:
D:1:      tarquinn_simple_flora_water_f, layout_rooms,
          shapermc_ecumenical_altar_flowoftime, serial_shops, shop
D:2:      layout_loops_corners
D:3:      layout_loops_ring, mainiacjoe_overflow_paths,
          nicolae_overflow_squiral, nicolae_elevator_lobby_asterisk
D:4:      layout_rooms, minmay_temple_entry_proselytizer, gup_sewer_entry_bowl
D:5:      layout_gridville, nicolae_overflow_hidden_temple,
          nicolae_hepliaklqana_ecumenical_no_more, serial_shops, shop, uniq_ijyb

Skill      XL: |  1  2  3  4  5  6  7 |
---------------+----------------------+-----
Armour         | 4 5 6 |  6.0
Fighting       | 4 5 6 |  6.0
Shields        | 4 5 6 |  6.0
Axes           | 3 4 5 |  5.3

Action                     |  1- 3 |  4- 6 |  7- 9 || total
---------------------------+-------+-------+-------++-------
  Melee: War axe           |    98 |   191 |    46 ||   335
         Headbutt          |    16 |    17 |     6 ||    39
 Invoke: Renounce Religion |     1 |       |       ||     1
    Use: Scroll            |       |     9 |     3 ||    12
         Potion            |       |       |     1 ||     1
 Armour: Scale mail        |    40 |    76 |     9 ||   125
  Dodge: Dodged            |    42 |    79 |    11 ||   132
  Block: Buckler           |    23 |    41 |     6 ||    70

Table legend: (Time is in decaauts)
 A = Elapsed time spent in this place.
 B = Non-inter-level travel time spent in this place.
 C = Inter-level travel time spent in this place.
 D = Time resting spent in this place.
 E = Time spent auto-exploring this place.
 F = Levels seen in this place.
 G = Mean time per level.
                   A        B        C        D        E       F      G
               +--------+--------+--------+--------+--------+-----+--------+
         Total |   3755 |   3633 |    122 |      3 |   2686 |   6 |  625.8 |
       Dungeon |   2816 |   2694 |    122 |      3 |   2017 |   5 |  563.2 |
         Sewer |    939 |    939 |      0 |      0 |    669 |   1 |  939.0 |
               +--------+--------+--------+--------+--------+-----+--------+

Top non-repeatable levels by time:
   Sewer: 939 daAuts
     D:2: 896 daAuts
     D:3: 736 daAuts
     D:1: 571 daAuts
     D:4: 527 daAuts
     D:5: 83 daAuts
